AoeStats
← Tmarahh

Black Forest

509556222Analyzed
3v3 RM · 6d ago on Sep 27, 2026· 31m 37s· 6 players
Game mode
Random Map
Map size
Normal (6 player)
Population
200
Speed
Normal
Resources
Standard
Victory
Conquest
Starting age
Dark Age
Ending age
Imperial Age
RankedLock teamsTeams togetherTeam positionsShared explorationLock speedFull tech treeHidden civsTurbo modeCheats
Victory
Defeat
🇧🇷 Huns · Brazil
635
+8
🇧🇷 Franks · Brazil
627
+9
🇧🇷 Varangians · Brazil
618
+9
🇺🇸 Britons · United States
508
-10
🇪🇸 Cumans · Spain
463
-9
🇦🇺 Bohemians · Australia
397
-7
Tmarahh
1:44 Loom
17:41 Feudal Age
18:09 Double-Bit Axe
18:09 Horse Collar
19:13 Wheelbarrow
18:24 Town Watch
27:45 Castle Age
30:00 Arson
30:16 Squires
29:37 Man-at-Arms
31:33 Town Patrol
LATEAFNICE
1:01 Loom
17:23 Feudal Age
19:31 Wheelbarrow
18:42 Town Watch
21:17 Double-Bit Axe
Ziro3989
1:57 Loom
Jotape
0:32 Loom
Guto_X
0:36 Loom
12:28 Feudal Age
14:17 Wheelbarrow
13:26 Horse Collar
15:18 Double-Bit Axe
16:14 Town Watch
16:52 Man-at-Arms
20:44 Stone Mining
21:20 Fletching
24:17 Gold Mining
29:40 Castle Age
30:20 Bloodlines
30:15 Scale Mail Armor
30:21 Scale Barding Armor
30:26 Forging
30:30 Light Cavalry
31:10 Husbandry
31:25 Bodkin Arrow
_IMPERUS
0:32 Loom
18:18 Feudal Age
21:38 Wheelbarrow
20:31 Man-at-Arms
Connection lost

Rejoining the realm…

Still unreachable

The connection could not be restored.

Session expired

The server has moved on; the page needs a fresh start.